 Dungeon Crawl Stone Soup version 0.18.1-1-g2f07953 (webtiles) character file.

1366 MDvedh the Basher (level 8, -2/44 HPs)
             Began as a Gargoyle Gladiator on May 7, 2016.
             Was a Follower of Jiyva.
             Slain by an orc warrior
             ... wielding a +0 flail
              (11 damage)
             ... on level 7 of the Dungeon.
             The game lasted 00:08:45 (5491 turns).

MDvedh the Basher (Gargoyle Gladiator)              Turns: 5491, Time: 00:08:45

Health: -2/44      AC: 15    Str: 21    XL:     8   Next: 65%
Magic:  8/8        EV: 11    Int:  9    God:    Jiyva [*.....]
Gold:   54         SH:  0    Dex: 10    Spells: 0 memorised, 7 levels left

rFire  . . .     SeeInvis .     y - +1 flail (holy)
rCold  . . .     Gourm    .     m - +0 ring mail
rNeg   + . .     Faith    .     (no shield)
rPois  ∞         Spirit   .     c - +0 helmet
rElec  +         Dismiss  .     (no cloak)
rCorr  .         Reflect  .     v - +0 pair of gloves
SustAt .         Harm     .     n - +2 pair of boots
MR     .....                    (no amulet)
Stlth  ..........               (no ring)
                                (no ring)

@: not resistant to hostile enchantments, extremely unstealthy
A: negative energy resistance 1, electricity resistance, unbreathing,
petrification resistance, rot immunity, AC +5
a: Request Jelly, Renounce Religion


You were on level 7 of the Dungeon.
You worshipped Jiyva.
Jiyva was aware of your devotion.
You were not hungry.

You visited 2 branches of the dungeon, and saw 8 of its levels.

You collected 294 gold pieces.
You spent 240 gold pieces at shops.

Inventory:

Hand Weapons
 y - a +1 flail of holy wrath (weapon)
Missiles
 d - 3 throwing nets (quivered)
Armour
 c - a +0 helmet (worn)
 m - a +0 ring mail (worn)
 n - a +2 pair of boots (worn)
 o - a +1 crystal plate armour
 v - a +0 pair of gloves (worn)
 x - the +0 buckler "Arghof" {*Confuse rC++ Dex+2 Stlth+}
   (You found it on level 4 of the Dungeon)

   It affects your dexterity (+2).
   It greatly protects you from cold.
   It may confuse you when you take damage.
   It makes you more stealthy.
Wands
 s - a wand of confusion (16/48)
 u - a wand of slowing (21/48)
 A - a wand of flame (24/48)
 I - a wand of polymorph (15/24)
Scrolls
 e - 2 scrolls of magic mapping
 f - a scroll of amnesia
 g - 4 scrolls of teleportation
 h - a scroll of recharging
 l - 2 scrolls of remove curse
 E - 3 scrolls of fear
 F - a scroll of blinking
 G - a scroll of fog
 H - a scroll of noise
Potions
 b - 2 potions of haste
 k - a potion of agility
 q - a potion of resistance {unknown}
 r - a potion of ambrosia
 t - a potion of magic {unknown}
 w - 2 potions of berserk rage
 C - 2 potions of might
 D - a potion of heal wounds {unknown}
Books
 p - a book of the Sky

   Spells                             Type                      Level
   a - Summon Lightning Spire         Summoning/Air                4
   b - Airstrike                      Air                          4
   c - Silence                        Hexes/Air                    5
   d - Deflect Missiles               Charms/Air                   6
   e - Conjure Ball Lightning         Conjuration/Air              6
   f - Tornado                        Air                          9
Comestibles
 i - 2 slices of pizza
 B - a bread ration


   Skills:
 - Level 2.1 Fighting
 + Level 10.6 Maces & Flails
 - Level 1.7 Throwing
 - Level 2.4 Dodging


You had 7 spell levels left.
You didn't know any spells.

Dungeon Overview and Level Annotations

Branches:
Dungeon (7/15)             Temple (1/1) D:5

Altars:
Ashenzari
Cheibriados
Dithmenos
Fedhas
Kikubaaqudgha
Okawaru
Ru
Sif Muna
Vehumet
Xom
Yredelemnul
Jiyva

Shops:
D:5 ?


Innate Abilities, Weirdness & Mutations

You are resistant to torment.
Your stone body is resilient (AC +5).
You are immune to poison.
You resist negative energy.
You are resistant to electric shocks.
You can survive without breathing.
You are immune to petrification.
You are immune to rotting.


Message History

The orc wizard mumbles some strange words.
The orc wizard blinks!
You thump the orc warrior!
The orc warrior is almost dead.
The orc warrior hits you but does no damage.
You hit the orc warrior but do no damage.
The orc warrior is almost dead.
You hit the orc warrior but do no damage.
The orc warrior is almost dead.
The orc warrior hits you with a flail.
* * * LOW HITPOINT WARNING * * *
The orc wizard mumbles some strange words.
The orc wizard blinks!
You closely miss the orc warrior.
The orc warrior is almost dead.
The orc warrior barely misses you.
You hit the orc warrior but do no damage.
The orc warrior is almost dead.
The orc warrior hits you with a flail!
You die...

######
#######.@oo#
#.......##.#
#.###.###
.§# #.....#
...# #..<..#
....#
#.....#
_...#
#.....#
....#
#.#...#
...##
#.#####


You could see an orc warrior and an orc.

Vanquished Creatures
  An ice beast (D:5)
  A phantom (D:5)
  2 ogres (D:6)
  2 centaurs
  Blork the orc (D:6)
  2 giant frogs (D:6)
  2 scorpions
  3 wights (D:6)
  A jelly (D:5)
  2 orc priests
  A hound (D:5)
  A centaur skeleton (D:4)
  2 orc wizards
  5 worker ants
  2 howler monkey skeletons
  4 adders
  An ooze (D:1)
  An adder zombie (D:5)
  An adder skeleton (D:6)
  4 worms
  3 dart slugs (D:1)
  5 giant geckos
  10 orcs
  3 bats
  3 giant cockroaches
  2 goblins (D:1)
  5 hobgoblins
  6 jackals
  5 kobolds
  A quokka (D:5)
  A ball python (D:3)
  A ball python skeleton (D:4)
  A giant gecko skeleton (D:4)
  2 giant newts
  2 jackal skeletons
  6 rats
95 creatures vanquished.

Vanquished Creatures (others)
  A giant frog (D:6)
  A howler monkey (D:6)
  6 jellies (D:6)
  A worker ant zombie (D:6)
  A worm (D:6)
  2 orcs (D:6)
  A giant newt (D:6)
13 creatures vanquished.

Grand Total: 108 creatures vanquished

Notes
Turn   | Place    | Note
--------------------------------------------------------------
     0 | D:1      | MDvedh the Gargoyle Gladiator began the quest for the Orb.
     0 | D:1      | Reached XP level 1. HP: 12/12 MP: 1/1
   150 | D:1      | Reached XP level 2. HP: 15/17 MP: 2/2
   498 | D:1      | Reached skill level 4 in Maces & Flails
   535 | D:1      | Reached XP level 3. HP: 13/21 MP: 3/3
  1032 | D:2      | Found a snail-covered altar of Cheibriados.
  1185 | D:2      | Found a basalt altar of Yredelemnul.
  1299 | D:2      | Found a sacrificial altar of Ru.
  1640 | D:2      | Reached XP level 4. HP: 22/26 MP: 4/4
  1842 | D:3      | Found a blossoming altar of Fedhas.
  1845 | D:3      | Reached skill level 5 in Maces & Flails
  2424 | D:3      | Found a deep blue altar of Sif Muna.
  2463 | D:3      | Found a radiant altar of Vehumet.
  2761 | D:4      | Found a shadowy altar of Dithmenos.
  2832 | D:4      | Reached XP level 5. HP: 27/30 MP: 5/5
  2932 | D:4      | Noticed a phantom
  3230 | D:4      | Got a faintly glowing buckler
  3236 | D:4      | Identified the cursed +0 buckler "Arghof" {*Confuse rC++ Dex+2 Stlth+} (You found it on level 4 of the Dungeon)
  3331 | D:4      | Found an ancient bone altar of Kikubaaqudgha.
  3498 | D:5      | Entered Level 5 of the Dungeon
  3514 | D:5      | Noticed an ice beast
  3528 | D:5      | Killed an ice beast
  3528 | D:5      | Reached skill level 6 in Maces & Flails
  3528 | D:5      | Reached XP level 6. HP: 32/35 MP: 6/6
  3712 | D:5      | Found a blossoming altar of Fedhas.
  3735 | D:5      | Reached skill level 7 in Maces & Flails
  3953 | D:5      | Found a staircase to the Ecumenical Temple.
  3976 | D:5      | Reached XP level 7. HP: 26/40 MP: 7/7
  3996 | Temple   | Entered the Ecumenical Temple
  4080 | Temple   | Became a worshipper of Jiyva Jypif the Shapeless
  4130 | D:5      | Reached skill level 8 in Maces & Flails
  4233 | D:5      | Found a shattered altar of Ashenzari.
  4355 | D:5      | Found Deorech's Magic Scroll Shoppe.
  4380 | D:5      | Bought 3 scrolls of fear for 105 gold pieces
  4380 | D:5      | Bought a scroll of teleportation for 30 gold pieces
  4380 | D:5      | Bought a scroll of blinking for 75 gold pieces
  4380 | D:5      | Bought a scroll of fog for 20 gold pieces
  4380 | D:5      | Bought a scroll of noise for 10 gold pieces
  4687 | D:6      | Reached * piety under Jiyva
  4725 | D:6      | Noticed Blork the orc
  4735 | D:6      | Killed Blork the orc
  4735 | D:6      | Reached skill level 9 in Maces & Flails
  4808 | D:6      | Reached XP level 8. HP: 27/44 MP: 8/8
  5005 | D:6      | Reached skill level 10 in Maces & Flails
  5356 | D:6      | Found an iron altar of Okawaru.
  5403 | D:6      | Found a sacrificial altar of Ru.
  5480 | D:7      | Found a shattered altar of Ashenzari.
  5491 | D:7      | Slain by an orc warrior

Skill      XL: |  1  2  3  4  5  6  7  8 |
---------------+-------------------------+-----
Maces & Flails | 4 5 6 7 9 10 | 10.6
Fighting       | |  2.1
Throwing       | |  1.7
Dodging        | |  2.4

Action                   |  1- 3 |  4- 6 |  7- 9 || total
-------------------------+-------+-------+-------++-------
Melee: Flail             |   136 |   197 |   131 ||   464
       Whip              |     9 |       |       ||     9
  Use: Scroll            |     6 |       |     8 ||    14
 Stab: Sleeping          |       |       |     1 ||     1
  Eat: Chunk             |     2 |     2 |     1 ||     5
       Bread ration      |       |     1 |       ||     1
       Pizza             |       |     1 |       ||     1
       Meat ration       |       |       |     1 ||     1
Armor: Leather armour    |    23 |       |       ||    23
       Crystal plate arm |    70 |     2 |       ||    72
       Ring mail         |    18 |   107 |    55 ||   180
Dodge: Dodged            |    73 |   110 |    72 ||   255
Block: Buckler           |       |     9 |     7 ||    16
